Map: [ESL] Alcyone

Players

MaxPax - Winner!

  • Race: Protoss Protoss
  • Spawn Location: 7:00

SKillous

  • Race: Protoss Protoss
  • Spawn Location: 1:00

Event: ESL SC2 Masters 2024 Spring (Regional)

VOD

Have the link to the VOD?

Description

Time

  • Played on: April 26, 2024, 1:01 p.m.
  • Length: 6:13

All games in this series

Show
View Real Time Build Order
Export as new Build Order

MaxPax Protoss - Winner!

Build Orders: Oracle Opening, Proxy Void Ray 

Get SALT Encoding   

  12  0:00  Probe  
  13  0:12  Probe  
  14  0:20  Pylon  
  14  0:24  Probe  
  15  0:38  Probe (Chrono Boost)  
  15  0:39  Gateway  
  16  0:47  Probe (Chrono Boost)  
  16  0:48  Assimilator  
  17  0:52  Probe (Chrono Boost)  
  18  0:57  Assimilator  
  18  1:04  Probe (Chrono Boost)  
  18  1:07  Pylon  
  19  1:16  Probe (Chrono Boost)  
  20  1:24  Probe (Chrono Boost)  
  21  1:26  Cybernetics Core  
  21  1:31  Probe  
  22  1:34  Zealot  
  24  1:43  Probe  
  25  1:55  Probe  
  26  2:03  Adept  
  26  2:06  Stargate  
  28  2:16  Warp Gate  
  28  2:24  Nexus  
  28  2:31  Pylon  
  28  2:38  Stalker  
  30  2:49  Oracle (Chrono Boost)  
  30  2:55  Shield Battery  
  30  2:58  Probe  
  34  3:18  Probe  
  39  3:22  Void Ray (Chrono Boost)  
  39  3:25  Shield Battery  
  39  3:36  Probe  
  39  3:37  Probe  
  39  3:41  Shield Battery  
  45  3:56  Void Ray (Chrono Boost)  
  45  3:58  Gateway  
  45  4:04  Stalker  
  45  4:06  Probe  
  45  4:08  Probe  
  49  4:18  Pylon  
  49  4:27  Assimilator, Probe  
  50  4:34  Void Ray (Chrono Boost)  
  54  4:41  Probe  
  54  4:42  Probe  
  54  4:45  Stalker  
  54  4:52  Stalker  
  58  4:53  Probe  
  58  4:54  Probe  
  58  4:55  Pylon  
  62  5:09  Void Ray (Chrono Boost)  
  62  5:12  Pylon  
  62  5:20  Stalker  
  64  5:21  Stalker  
  64  5:27  Probe x2  
  68  5:37  Robotics Facility  
  68  5:41  Shield Battery  
  68  5:42  Probe  
  69  5:46  Stalker x2  
  71  5:55  Probe  
  71  5:56  Probe  
  73  5:58  Pylon  
Show
View Real Time Build Order
Export as new Build Order

SKillous Protoss 

Build Orders: Blink Stalkers 

Get SALT Encoding   

  12  0:00  Probe  
  13  0:12  Probe  
  14  0:17  Pylon  
  14  0:24  Probe  
  15  0:35  Gateway  
  15  0:36  Probe (Chrono Boost)  
  16  0:45  Probe (Chrono Boost)  
  16  0:46  Assimilator  
  17  0:51  Probe (Chrono Boost)  
  17  0:55  Assimilator  
  18  1:03  Probe (Chrono Boost)  
  19  1:08  Gateway  
  19  1:13  Probe (Chrono Boost)  
  19  1:17  Probe (Chrono Boost)  
  20  1:24  Cybernetics Core  
  21  1:29  Probe  
  22  1:34  Pylon  
  22  1:41  Probe  
  23  1:53  Probe  
  24  2:00  Stalker  
  24  2:01  Warp Gate  
  26  2:04  Stalker  
  28  2:18  Pylon  
  28  2:23  Twilight Council  
  28  2:30  Stalker  
  30  2:37  Stalker  
  32  2:54  Blink (Chrono Boost)  
  32  3:03  Pylon  
  32  3:11  Stalker (Chrono Boost)  
  34  3:15  Gateway  
  34  3:19  Stalker (Chrono Boost)  
  35  3:35  Gateway  
  33  3:51  Probe  
  33  3:55  Stalker x2  
  32  4:03  Probe  
  33  4:13  Stalker  
  33  4:15  Probe  
  36  4:25  Stalker  
  36  4:30  Probe  
  39  4:40  Stalker  
  41  4:49  Stalker  
  43  4:56  Pylon  
  43  5:06  Stalker  
  45  5:10  Probe  
  46  5:20  Stalker  
  46  5:27  Stalker  
  48  5:30  Probe  
  49  5:40  Stalker  
  51  5:48  Stalker  
  53  5:56  Stalker  
Tags
 
Add a new tag
Caveats
  • Supply blocks, unpowered buildings, or Contaminate may cause inaccurate times.
  • Supply counts are checked every 10 seconds.